 Dungeon Crawl Stone Soup version 0.28.0-53-g5a82cb258f (webtiles) character file.

Game seed: 7301035497928770783

2751 Duralumin the Cleaver (level 10, -9/71 HPs)
             Began as a Formicid Fighter on Aug 22, 2022.
             Was a Believer of Okawaru.
             Mangled by a komodo dragon (12 damage)
             ... on level 7 of the Dungeon.
             The game lasted 00:17:33 (8491 turns).

Duralumin the Cleaver (Formicid Fighter)            Turns: 8491, Time: 00:17:33

Health: -9/71      AC: 11    Str: 24    XL:     10   Next: 0%
Magic:  13/13      EV: 10    Int:  9    God:    Okawaru [**....]
Gold:   294        SH:  4    Dex: 10    Spells: 9/9 levels left

rFire   . . .      SeeInvis +   a - +0 war axe
rCold   . . .      Faith    .   c - +0 buckler
rNeg    . . .      Spirit   .   f - +3 ring mail
rPois   .          Reflect  .   (helmet unavailable)
rElec   .          Harm     .   F - +0 cloak
rCorr   .          Rampage  .   (no gloves)
Will    +....                   l - +0 pair of boots
Stlth   ..........              (no amulet)
HPRegen 0.21/turn               (no ring)
MPRegen 0.13/turn               (no ring)

@: no status effects
A: permanent stasis, dig shafts and tunnels, antennae 3, four strong arms
a: Dig, Shaft Self, Renounce Religion, Heroism


You were on level 7 of the Dungeon.
You worshipped Okawaru.
Okawaru was pleased with you.
You visited 2 branches of the dungeon, and saw 9 of its levels.

You collected 294 gold pieces.

Inventory:

Hand Weapons
 a - a +0 war axe (weapon)
 v - a +2 whip of draining
 E - a +4 quarterstaff of chaos
Missiles
 t - 2 silver javelins
 u - 22 poisoned darts (quivered)
Armour
 b - a +0 scale mail
 c - a +0 buckler (worn)
 f - a +3 ring mail (worn)
 l - a +0 pair of boots (worn)
 F - a +0 cloak (worn)
 G - a +0 chain mail
Jewellery
 A - an amulet of the acrobat
 C - an amulet of guardian spirit
Wands
 d - a wand of flame (61)
 n - a wand of polymorph (11)
 I - a wand of acid (15)
Scrolls
 e - a scroll of immolation {unknown}
 g - 2 scrolls of brand weapon {unknown}
 h - a scroll of magic mapping {unknown}
 i - 4 scrolls of identify
 j - a scroll of summoning {unknown}
 k - 2 scrolls of enchant armour {unknown}
 y - a scroll of teleportation {unknown}
 z - a scroll of blinking {unknown}
 H - a scroll of fear {unknown}
 K - a scroll of vulnerability {unknown}
Potions
 m - 2 potions of mutation {unknown}
 o - 2 potions of brilliance {unknown}
 p - 3 potions of heal wounds {unknown}
 q - a potion of invisibility
 r - a potion of haste {unknown}
 s - 2 potions of might
 w - 3 potions of curing
 x - 2 potions of degeneration {unknown}
 B - 2 potions of flight {unknown}
 D - 3 potions of attraction {unknown}
 J - a potion of lignification {unknown}


   Skills:
 + Level 3.8 Fighting
 + Level 12.1 Axes
 - Level 3.2 Armour
 - Level 3.6 Shields
 - Level 5.1 Invocations


You had 9 spell levels left.
You didn't know any spells.
Your spell library contained the following spells:

 Spells                   Type           Power      Damage    Failure   Level
 Stone Arrow              Conj/Erth      0%         3d7       93%         3
 Irradiate                Conj/Tmut      0%         3d13      100%        5
 Lehudib's Crystal Spear  Conj/Erth      0%         10d2      100%        8
 Chain Lightning          Conj/Air       0%         N/A       100%        9
 Fire Storm               Conj/Fire      0%         5d1       100%        9
 Shatter                  Erth           0%         3d5*      100%        9


Dungeon Overview and Level Annotations

Branches:
Dungeon (8/15)             Temple (1/1) D:4            Lair (0/6) D:8

Altars:
Ashenzari
Cheibriados
Dithmenos
Fedhas
Gozag
Hepliaklqana
Kikubaaqudgha
Makhleb
Nemelex Xobeh
Okawaru
Ru
Sif Muna
Trog
Uskayaw
Vehumet
Wu Jian
Xom
Yredelemnul
Zin
The Shining One


Innate Abilities, Weirdness & Mutations

You cannot be hasted, slowed, berserked, paralysed or teleported.
You can dig through walls and to a lower floor.
You have a pair of large antennae on your head. (SInv)
Your four strong arms can wield two-handed weapons with a shield.


Message History

You fade into invisibility!
The komodo dragon bites you but does no damage.
You feel like a meek peon again.
There is a stone staircase leading up here.
You block the komodo dragon's attack.
You climb upwards.
There is a stone staircase leading down here.
You slash the komodo dragon!
The komodo dragon is moderately wounded.
You block the komodo dragon's attack.
You slash the komodo dragon!
The komodo dragon is severely wounded.
The komodo dragon bites you!
* * * LOW HITPOINT WARNING * * *
The komodo dragon hisses menacingly.
Press: ? - help, v - describe, . - travel A rock wall.
You flicker for a moment.
You feel better.
You flicker back into view.
You block the komodo dragon's attack. You block the komodo dragon's attack.
Okay, then.
Unknown command.
Unknown command.
Unknown command.
Unknown command.
Unknown command.
Unknown command.
You start putting on your amulet.
You continue putting on your amulet of the acrobat.
The komodo dragon bites you.
Keep equipping yourself?
* * * LOW HITPOINT WARNING * * *
You continue putting on your amulet of the acrobat.
The komodo dragon bites you!
* * * LOW HITPOINT WARNING * * *
You continue putting on your amulet of the acrobat.
The komodo dragon bites you!
You die...

#.#.##.#.#.#.#...#.#....#.# #.#
#.#.##.#.#.#.#.#.#.#....#.# #.#
#......#.#...[[..#.###'##.#####.#
###......#...#.#<#.###.##.#.....#
..#......)...#............#.###.#
#.#.....#)...#....####.####.#####
#.#..........#...................
#.##.#....#..#.....###.####......
#.##...<.....###@#.# #.# #######
#.#######....#.l.#.###.# #
#.#..........#.###..##.# #
#.#.######...#.###..##.# #
#.#.##..............##.# #
#.#.######.#.#.####..#.# # #.#.#
#.#.#.# ##.#.# # ..#.# #.#.#.#
#.#.# # ....# #.#...# #...#


You could see a komodo dragon.

Vanquished Creatures
  Sigmund (D:2)
  A wyvern (D:7)
  A vampire (D:8)
  A steam dragon (D:7)
  2 water moccasins (D:6)
  An ice beast (D:8)
  2 black bears
  2 necrophages (D:6)
  An ogre (D:5)
  A centaur (D:7)
  A kobold brigand (D:7)
  2 wyvern zombies
  5 scorpions
  A water moccasin skeleton (D:5)
  3 howler monkeys (D:7)
  3 hounds
  A jelly (D:8)
  2 centaur zombies
  An orc priest (D:6)
  Crazy Yiuf (D:2)
  A centaur skeleton (D:7)
  Jessica (D:2)
  An iguana (D:5)
  5 orc wizards
  A killer bee zombie (D:8)
  2 howler monkey skeletons
  3 gnolls (D:3)
  7 adders
  A shadow imp (D:3)
  2 white imps
  An adder skeleton (D:4)
  4 dart slugs
  18 orcs
  2 endoplasms (D:4)
  2 giant cockroaches
  5 hobgoblins
  3 jackals (D:3)
  3 quokkas
  8 ball pythons
  4 bats
  6 frilled lizards
  8 goblins
  9 kobolds
  7 rats
137 creatures vanquished.

Vanquished Creatures (others)
  15 plants
15 creatures vanquished.

Grand Total: 152 creatures vanquished

Notes
Turn   | Place    | Note
-------+----------+-------------------------------------------
     0 | D:1      | Duralumin the Formicid Fighter began the quest for the Orb.
     0 | D:1      | Reached XP level 1. HP: 18/18 MP: 1/1
   214 | D:1      | Reached XP level 2. HP: 13/24 MP: 2/2
   429 | D:1      | Found a faded altar of an unknown god.
   695 | D:1      | Reached skill level 3 in Axes
   940 | D:1      | Reached XP level 3. HP: 29/29 MP: 3/3
  1331 | D:1      | Got Lehudib's Handbook of Confrontation
  1676 | D:2      | You fall into a shaft and drop 1 floor!
  1818 | D:2      | Found a runed translucent door.
  1819 | D:2      | Noticed Crazy Yiuf
  1904 | D:2      | Reached skill level 4 in Axes
  1904 | D:2      | Reached XP level 4. HP: 35/35 MP: 4/4
  1929 | D:2      | Noticed Sigmund
  1940 | D:2      | Killed Sigmund
  1941 | D:2      | Reached skill level 5 in Axes
  1941 | D:2      | Reached XP level 5. HP: 33/41 MP: 5/5
  1941 | D:2      | Reached XP level 6. HP: 38/47 MP: 6/6
  1943 | D:2      | Reached skill level 6 in Axes
  1965 | D:2      | Noticed Jessica
  2010 | D:2      | Killed Jessica
  3162 | D:4      | Noticed a black bear
  3170 | D:4      | Killed a black bear
  3171 | D:4      | Reached skill level 7 in Axes
  3171 | D:4      | Reached XP level 7. HP: 40/52 MP: 7/7
  3503 | D:4      | Found a staircase to the Ecumenical Temple.
  3528 | D:4      | Reached skill level 8 in Axes
  3540 | Temple   | Entered the Ecumenical Temple
  3730 | Temple   | Became a worshipper of Warmaster Okawaru
  4044 | D:5      | Entered Level 5 of the Dungeon
  4096 | D:5      | Found a glowing golden altar of the Shining One.
  4192 | D:5      | Reached XP level 8. HP: 49/58 MP: 8/8
  4283 | D:5      | Reached skill level 9 in Axes
  4645 | D:5      | Found a glowing silver altar of Zin.
  4645 | D:5      | Found a hazy altar of Hepliaklqana.
  4669 | D:5      | Found a basalt altar of Yredelemnul.
  5360 | D:6      | Found a radiant altar of Vehumet.
  5366 | D:6      | Reached * piety under Okawaru
  5478 | D:6      | Reached skill level 10 in Axes
  5867 | D:6      | Reached XP level 9. HP: 46/64 MP: 9/9
  5998 | D:6      | Reached skill level 11 in Axes
  6703 | D:7      | Reached skill level 1 in Invocations
  6717 | D:6      | Reached ** piety under Okawaru
  6938 | D:2      | Killed Crazy Yiuf
  7655 | D:7      | Found a bloodstained altar of Trog.
  7655 | D:7      | Found a sparkling altar of Nemelex Xobeh.
  8183 | D:8      | Reached skill level 12 in Axes
  8183 | D:8      | Reached skill level 5 in Invocations
  8311 | D:8      | Reached XP level 10. HP: 69/71 MP: 11/13
  8413 | D:8      | Found a staircase to the Lair.
  8414 | D:8      | Noticed a komodo dragon
  8454 | D:7      | HP: 3/71 [komodo dragon (17)]
  8490 | D:7      | HP: 3/71 [komodo dragon (12)]
  8491 | D:7      | Mangled by a komodo dragon

Illustrated notes

Levels and vault maps discovered:
D:1:      tarquinn_simple_flora_water_e, layout_basic,
          chequers_ecumenical_altar_simple_redux, serial_forest,
          infiniplex_forest_end_2, infiniplex_forest_lined_room_3,
          infiniplex_forest_lined_2, infiniplex_forest_end_2,
          infiniplex_forest_clump_small, infiniplex_forest_straight_2,
          infiniplex_forest_clump_tiny, infiniplex_forest_end_3,
          infiniplex_forest_clump_double, infiniplex_forest_straight_4,
          minmay_bisected
D:2:      layout_rooms, minmay_misc_feat_enclosed, minmay_misc_feat_nine_boxes,
          uniq_crazy_yiuf_cottage, uniq_sigmund, uniq_jessica
D:3:      layout_loops_ring
D:4:      layout_rooms, minmay_temple_entry_arrows,
          ebering_dispersal_statue_hall
D:5:      layout_basic, mainiacjoe_overflow_large_starburst, tso_oasis_becter,
          mainiacjoe_overflow_brackets
D:6:      layout_gridville, mainiacjoe_overflow_small_starburst
D:7:      layout_basic, chequers_temple_overflow_statue_of_worship
D:8:      layout_loops_ring, elyvilon_altar_3, mainiacjoe_overflow_paths,
          david_lair_shrubbed, minmay_shop_chei, minmay_crossroads
Temple:   nicolae_temple_figure_eight

Skill      XL: |  1  2  3  4  5  6  7  8  9 |
---------------+----------------------------+-----
Axes           | 3 4 5 7 8 10 12 | 12.1
Invocations    | 5 |  5.1
Fighting       | |  3.8
Armour         | |  3.2
Shields        | |  3.6

Action                   |  1- 3 |  4- 6 |  7- 9 | 10-12 || total
-------------------------+-------+-------+-------+-------++-------
Melee: War axe           |    98 |    89 |   329 |     7 ||   523
       Unarmed           |       |     2 |       |       ||     2
Throw: Dart              |       |       |     2 |       ||     2
       Javelin           |       |       |     2 |       ||     2
Invok: Heroism           |       |       |     4 |     1 ||     5
  Use: Potion            |       |     1 |     1 |     2 ||     4
       Scroll            |       |       |       |     1 ||     1
Armor: Scale mail        |    12 |       |       |       ||    12
       Ring mail         |    41 |    40 |   143 |     1 ||   225
Dodge: Dodged            |    50 |    45 |   138 |     1 ||   234
Block: Buckler           |    26 |    19 |    56 |     4 ||   105
